 Seeded DCSS version 0.30-a0-305-g026cb31310 (webtiles) character file.

Game seed: 20220831 (custom seed)

548 muata the Magician (level 7, -8/50 HPs)
             Began as a White Draconian Fire Elementalist on Oct 22, 2022.
             Mangled by Duvessa
             ... wielding a +0 rapier
              (10 damage)
             ... on level 4 of the Dungeon.
             The game lasted 00:24:00 (4140 turns).

muata the Magician (DrFE)                           Turns: 4140, Time: 00:24:00

Health: -8/50      AC:  7    Str: 17    XL:     7   Next: 7%
Magic:  31/31      EV: 12    Int: 17    God:
Gold:   182        SH:  5    Dex: 12    Spells: 8/14 levels left

rFire   . . .      SeeInvis .    z - +10 short sword "Zofikaoc" {holy, Contam Str+7}
rCold   + . .      Faith    .    (no shield)
rNeg    . . .      Spirit   .    (body armour unavailable)
rPois   .          Reflect  +    (helmet restricted)
rElec   .          Harm     .    o - +0 cloak
rCorr   .          Rampage  .    (no gloves)
Will    .....                    (no boots)
Stlth   ++........               f - amulet of reflection
HPRegen 0.28/turn                y - ring of magical power
MPRegen 0.22/turn                s - ring of magical power

@: short of breath
A: breathe frost, AC +6, unfitting armour, cold resistance 1, cold-blooded
a: Breathe Frost


You were on level 4 of the Dungeon.
You visited 1 branch of the dungeon, and saw 4 of its levels.

You collected 182 gold pieces.

Inventory:

Hand Weapons
 b - a +0 quarterstaff
 z - the +10 short sword "Zofikaoc" (weapon) {holy, Contam Str+7}
   (You found it on level 3 of the Dungeon)

   It has been blessed by the Shining One to cause great damage to the undead
   and demons.
   Str:       It affects your strength (+7).
   Contam:    It causes magical contamination when unequipped.
 A - the +3 flail of Valour {flame, *Corrode Str+4 Int+3}
   (You found it on level 3 of the Dungeon)

   It burns those it strikes, dealing additional fire damage.
   Str:       It affects your strength (+4).
   Int:       It affects your intelligence (+3).
   *Corrode:  It may corrode you when you take damage.
 C - the +7 whip "Feph" {elec, rPois Int+4 Dex+8}
   (You found it on level 4 of the Dungeon)

   It occasionally discharges a powerful burst of electricity upon striking a
   foe.
   Int:       It affects your intelligence (+4).
   Dex:       It affects your dexterity (+8).
   rPois:     It protects you from poison.
Missiles
 h - 2 throwing nets
Armour
 j - an orb of wrath
 o - a +0 cloak (worn)
Jewellery
 f - an amulet of reflection (around neck)
 g - a ring of see invisible
 s - a ring of magical power (right hand)
 y - a ring of magical power (left hand)
Scrolls
 d - a scroll of silence {unknown}
 i - 2 scrolls of amnesia {unknown}
 l - 2 scrolls of poison {unknown}
 m - 2 scrolls of fog {unknown}
 n - a scroll of noise {unknown}
 p - a scroll of brand weapon {unknown}
 q - a scroll of immolation {unknown}
 t - 2 scrolls of identify {unknown}
 u - 3 scrolls of fear {unknown}
 w - a scroll of enchant weapon {unknown}
 x - a scroll of torment {unknown}
 B - a scroll of acquirement {unknown}
Potions
 a - a potion of magic
 c - a potion of ambrosia {unknown}
 e - 4 potions of curing {unknown}
 k - a potion of attraction {unknown}
 v - 3 potions of brilliance {unknown}


   Skills:
 - Level 1.7 Dodging
 - Level 1.7 Stealth
 - Level 4.0 Spellcasting
 - Level 3.4 Conjurations
 - Level 3.4 Hexes
 + Level 3.7 Fire Magic


You had 8 spell levels left.
You knew the following spells:

 Your Spells              Type           Power      Damage    Failure   Level
a - Foxfire               Conj/Fire      60%        2x1d7     3%          1
b - Scorch                Fire           32%        2d6       4%          2
c - Inner Flame           Hex/Fire       15%        N/A       11%         3

Your spell library contained the following spells:

 Spells                   Type           Power      Damage    Failure   Level
 Tukima's Dance           Hex            15%        N/A       12%         3
 Kindle Blastsparks       Fire/Tloc/Air  14%        2d11      28%         3
 Flame Wave               Conj/Fire      15%        2d7       34%         4
 Gell's Gravitas          Tloc           3%         N/A       43%         3
 Lesser Beckoning         Tloc           6%         N/A       43%         3
 Teleport Other           Tloc           3%         N/A       43%         3
 Passage of Golubria      Tloc           3%         N/A       83%         4
 Yara's Violent Unravell  Hex/Tmut       4%         3d4       91%         5


Dungeon Overview and Level Annotations

Branches:
Dungeon (4/15)
 Temple: D:4-7

Altars:

Shops:
D:2 (

Annotations:
D:4 Dowan, Duvessa


Innate Abilities, Weirdness & Mutations

You can breathe waves of freezing cold which knock back foes.
Your icy white scales are hard. (AC +6)
You cannot fit into any form of body armour.
Your flesh is cold resistant. (rC+)
You are cold-blooded and may be slowed by cold attacks.


Message History

Duvessa is moderately wounded.
Duvessa hits you with a +0 rapier. Dowan hits you but does no damage.
You are poisoned.
You hit Duvessa.
Duvessa is moderately wounded.
You feel very sick. Duvessa hits you but does no damage. Dowan misses you.
Aiming: Breathe Frost (5% risk of failure)
Press: ? - help, Shift-Dir - straight line, f - Dowan
Aim: Dowan, wielding a +1 dagger of venom and wearing a +0 robe (56% to hit)
You exhale a wave of freezing cold.
The freezing breath misses Dowan.
You feel sick. Duvessa hits you with a +0 rapier! Dowan barely misses you.
Duvessa attacks as you move away! You block Duvessa's attack.
You feel sick.
Dowan mumbles some strange words.
Dowan blinks!
You closely miss Duvessa.
Duvessa is moderately wounded.
You feel sick. Duvessa hits you with a +0 rapier.
You feel sick. Duvessa hits you with a +0 rapier.
* * * LOW HITPOINT WARNING * * *
You feel sick. Duvessa attacks as you move away!
Duvessa hits you with a +0 rapier.
* * * LOW HITPOINT WARNING * * *
You feel sick.
Duvessa drinks a potion.
Duvessa suddenly seems more resistant.
Casting: Foxfire (safe; 3% risk of failure)
Confirm with . or Enter, or press ? or * to list all spells.
You conjure some foxfire!
You feel sick.
You are no longer poisoned.
The foxfire hits Duvessa but does no damage.
Duvessa is moderately wounded.
You hit Duvessa but do no damage.
Your tail-slap misses Duvessa.
Duvessa is moderately wounded.
You barely miss Duvessa.
Duvessa is moderately wounded.
Duvessa hits you with a +0 rapier.
* * * LOW HITPOINT WARNING * * *
You hit Duvessa but do no damage.
Duvessa is moderately wounded.
Duvessa hits you with a +0 rapier!
You die...

#...##.#'##.####.#
#.#..#...........#
#....#.#'##)####.#
####.#.#..#.#..#.#
#.#.#..+.†..#.#
####.#.####.##+#.#
.....#...........#
###
######.####.##'#v#
.. #.# #.#..#@##.#
#.# +.+..#e#.e# #.#
##[####e#.# #..
..........#
####################
......†.########
#######........#
########.### #...###


You could see Duvessa (resistant, ally target) and Dowan.

Vanquished Creatures
  Sigmund (D:2)
  A phantom (D:4)
  4 hounds (D:4)
  Robin (D:3)
  2 adders (D:4)
  4 gnolls (D:3)
  4 worms
  3 dart slugs
  8 bats
  8 endoplasms
  3 giant cockroaches
  18 goblins
  4 hobgoblins
  12 jackals
  5 kobolds
  6 quokkas
  8 ball pythons
  A frilled lizard (D:2)
  3 rats
96 creatures vanquished.

Vanquished Creatures (others)
  205 foxfires
205 creatures vanquished.

Grand Total: 301 creatures vanquished

Notes
Turn   | Place    | Note
-------+----------+-------------------------------------------
     0 | D:1      | muata the Draconian Fire Elementalist began the quest for
                  | the Orb.
     0 | D:1      | Reached XP level 1. HP: 14/14 MP: 3/3
   239 | D:1      | Reached XP level 2. HP: 20/20 MP: 1/5
   772 | D:1      | Reached XP level 3. HP: 26/26 MP: 3/6
  1365 | D:2      | Identified the +1 robe "Zyfraw" {Str+4}
  1832 | D:2      | Learned a level 2 spell: Scorch
  2093 | D:2      | Found Qoneik's Antique Weapon Emporium.
  2094 | D:2      | Noticed Sigmund
  2106 | D:2      | Killed Sigmund
  2107 | D:2      | Reached skill level 3 in Spellcasting
  2107 | D:2      | Reached XP level 4. HP: 28/33 MP: 9/9
  2107 | D:2      | Reached XP level 5. HP: 32/38 MP: 9/10
  2449 | D:3      | Identified the +3 flail of Valour {flame, *Corrode Str+4
                  | Int+3}
  2454 | D:3      | Noticed Robin
  2489 | D:3      | Killed Robin
  2785 | D:3      | Identified the +10 short sword "Zofikaoc" {holy, Contam
                  | Str+7}
  2826 | D:3      | Learned a level 3 spell: Inner Flame
  2927 | D:3      | Reached XP level 6. HP: 45/45 MP: 11/11
  2945 | D:3      | HP: 1/45 [gnoll/+0 whip (6)]
  3674 | D:4      | Reached skill level 1 in Hexes
  3697 | D:4      | Reached skill level 4 in Spellcasting
  3858 | D:4      | Identified the +7 whip "Feph" {elec, rPois Int+4 Dex+8}
  4094 | D:4      | Your scales start taking on an icy white colour.
  4094 | D:4      | Reached XP level 7. HP: 48/50 MP: 13/13
  4094 | D:4      | Gained mutation: Your flesh is cold resistant. (rC+) [White
                  | Draconian growth]
  4126 | D:4      | Noticed Duvessa
  4127 | D:4      | Noticed Dowan
  4139 | D:4      | HP: 2/50 [Duvessa/+0 rapier (3)]
  4140 | D:4      | Mangled by Duvessa

Illustrated notes

Levels and vault maps discovered:
D:1:      ncdulo_smallfort, layout_basic, kennysheep_nondescript
D:2:      minmay_alternating_diamond, layout_basic, serial_shops,
          nicolae_shop_advertising_works [nicolae_subvault_shop_adworks],
          uniq_sigmund
D:3:      layout_basic, uniq_robin
D:4:      minmay_door_path, layout_rooms, uniq_duvessa

Skill      XL: |  1  2  3  4  5  6 |
---------------+-------------------+-----
Conjurations   | 3 |  3.4
Spellcasting   | 3 4 |  4.0
Fire Magic     | 4 3 |  3.7
Hexes          | 3 |  3.4
Dodging        | |  1.7
Stealth        | |  1.7

Action                   |  1- 3 |  4- 6 |  7- 9 || total
-------------------------+-------+-------+-------++-------
Melee: Unarmed           |     4 |       |       ||     4
       Club              |     5 |       |       ||     5
       Quarterstaff      |    10 |    48 |       ||    58
       Tailslap          |     2 |     2 |       ||     4
       Whip              |       |    11 |     3 ||    14
       Punch             |       |     1 |       ||     1
       Short sword       |       |       |     7 ||     7
 Cast: Foxfire           |    59 |    63 |     1 ||   123
       Scorch            |       |     4 |       ||     4
 Abil: Breathe Frost     |       |       |     1 ||     1
 Stab: Sleeping          |     1 |     3 |     1 ||     5
Armor: Skin              |    10 |    65 |     2 ||    77
Dodge: Dodged            |    33 |    99 |     3 ||   135
Block: Other             |     8 |    45 |     1 ||    54
       Reflection        |       |     1 |       ||     1

Table legend: (Time is in decaauts)
 A = Elapsed time spent in this place.
 B = Non-inter-level travel time spent in this place.
 C = Inter-level travel time spent in this place.
 D = Time resting spent in this place.
 E = Time spent auto-exploring this place.
 F = Levels seen in this place.
 G = Mean time per level.
                   A        B        C        D        E       F      G
               +--------+--------+--------+--------+--------+-----+--------+
         Total |   4159 |   3634 |    525 |    491 |   2308 |   4 | 1039.8 |
       Dungeon |   4159 |   3634 |    525 |    491 |   2308 |   4 | 1039.8 |
               +--------+--------+--------+--------+--------+-----+--------+

Top non-repeatable levels by time:
     D:1: 1246 daAuts
     D:2: 1237 daAuts
     D:3: 1196 daAuts
     D:4: 479 daAuts
